 Dungeon Crawl Stone Soup version 0.26.0-11-g8f856b5395 (webtiles) character file.

Game seed: 7628741312584550579

23681 runemasterragnar the Warrior (level 13, 0/152 HPs)
             Began as an Ogre Monk on Jan 15, 2021.
             Was a High Priest of Okawaru.
             Slain by a skeletal warrior
             ... wielding a cursed +0 battleaxe
             ... led by a death knight
              (23 damage)
             ... on level 13 of the Dungeon.
             The game lasted 00:35:04 (16510 turns).

runemasterragnar the Warrior (Ogre Monk)           Turns: 16510, Time: 00:35:04

Health: 0/152      AC: 11    Str: 24    XL:     13   Next: 8%
Magic:  29/29      EV: 17    Int: 16    God:    Okawaru [*****.]
Gold:   753        SH:  4    Dex: 11    Spells: 12/12 levels left

rFire    . . .     SeeInvis .   C - +2 morningstar (venom)
rCold    + . .     Faith    .   (no shield)
rNeg     . . .     Spirit   .   Q - +0 troll leather armour
rPois    .         Reflect  .   D - +3 hat of Pondering {ponderous, Will+ MP+10 Int+5}
rElec    .         Harm     .   J - +2 cloak {Will+}
rCorr    .         Rampage  .   (gloves unavailable)
Will     +++..                  (boots unavailable)
Stlth    +.........             F - amulet of the acrobat
HPRegen  0.75/turn              q - +4 ring of evasion
MPRegen  0.21/turn              y - ring of protection from cold

@: berserk cooldown, very slightly contaminated, slowed, invisible, very slow
A: large, unfitting armour, antennae 1, talons 1, large bone plates 1, strong 1,
tough skin 1
a: Renounce Religion, Heroism, Finesse


You were on level 13 of the Dungeon.
You worshipped Okawaru.
Okawaru was extremely pleased with you.
You visited 1 branch of the dungeon, and saw 13 of its levels.
You also visited: Sewer.

You collected 809 gold pieces.
You spent 56 gold pieces at shops.

Inventory:

Hand Weapons
 e - a +4 vorpal mace
 m - a +0 giant club
 o - a +0 flail
 A - a +0 dire flail
 C - a +2 morningstar of venom (weapon)
 L - a +0 broad axe of distortion
 N - a +2 scimitar of flaming
Missiles
 d - 31 boomerangs
 n - 4 atropa-tipped darts
 p - 64 poisoned darts (quivered)
 H - 2 silver javelins
 P - 2 boomerangs of dispersal
 T - 8 large rocks
Armour
 b - a +0 robe
 D - the +3 hat of Pondering (worn) {ponderous, Will+ MP+10 Int+5}
   (You took it off Gastronok on level 8 of the Dungeon)

   It affects your intelligence (+5).
   It affects your willpower, your defense against some magical effects.
   It affects your magic capacity (+10).
 E - a +2 tower shield of reflection
 J - a +2 cloak of willpower (worn)
 Q - a +0 troll leather armour (worn)
Magical Staves
 v - an uncursed staff of cold {unknown}
Jewellery
 g - a +6 ring of strength
 q - a +4 ring of evasion (left hand)
 u - an uncursed ring of ice
 y - a ring of protection from cold (right hand)
 B - an uncursed ring of magical power
 F - an amulet of the acrobat (around neck)
 K - a +4 ring of evasion
Wands
 l - a wand of random effects (9)
 t - a wand of polymorph (5)
 w - a wand of flame (42)
 S - a wand of digging (5)
Scrolls
 c - 5 scrolls of enchant armour
 k - 5 scrolls of remove curse
 z - 4 scrolls of enchant weapon
 R - a scroll of identify
Potions
 a - 2 potions of curing
 j - 2 potions of degeneration
 r - 5 potions of flight
 x - 2 potions of brilliance
 G - a potion of mutation
Miscellaneous
 f - a phial of floods
 s - a phantom mirror
 M - a condenser vane (inert)


   Skills:
 * Level 16.0 Fighting
 + Level 8.8 Maces & Flails
 + Level 8.5 Throwing
 + Level 3.3 Armour
 + Level 8.7 Dodging
 - Level 1.4 Stealth
 - Level 8.4 Invocations


You had 12 spell levels left.
You didn't know any spells.
Your spell library was empty.

Dungeon Overview and Level Annotations

Branches:
Dungeon (13/15)            Temple (0/1) D:4           Sewer (visited)
   Lair: D:8-11         Orc: D:9-12      Vaults: D:13-14

Altars:
Ashenzari
Cheibriados
Dithmenos
Elyvilon
Okawaru
Qazlal
Ru
Uskayaw
Wu Jian
Xom
Yredelemnul
The Shining One

Shops:
D:7 (}*   D:8 (

Annotations:
D:6 1 runed translucent door, Crazy Yiuf


Innate Abilities, Weirdness & Mutations

You are too large for most types of armour.
You have tough skin. (AC +1)
You have a pair of small antennae on your head.
You have sharp toenails.
You are partially covered in large bone plates. (SH +4)
Your muscles are strong. (Str +2)


Message History

Hit: C) +2 morningstar (venom)
Press: ? - help, Dir - move target, f - freezing wraith
Aim: a freezing wraith (lightly damaged)
Okay, then.
Unknown command.
Why would you want to do that?
Unknown command.
Unknown command.
You fade into invisibility!
The freezing wraith misses you. x2
You block the skeletal warrior's attack.
The freezing wraith hits you.
* * * LOW HITPOINT WARNING * * *
The freezing wraith freezes you. You resist.
* * * LOW HITPOINT WARNING * * *
The freezing wraith misses you.
You are very lightly contaminated with residual magic.
You feel better. The freezing wraith misses you. x2
The skeletal warrior hits you with a cursed +0 battleaxe!!
You die...

#W####
#........#
.....>....#
#.#........#
#.#.(......#
# #).......#
#........#
#zW.?....#
#@......(#
#........#
#........#
#(.......#
##########


You could see a skeletal warrior and a freezing wraith.

Vanquished Creatures
  Gastronok (D:8)
  Frances (D:12)
  Azrael (D:12)
  A hydra (D:12)
  A centaur warrior (D:13)
  3 two-headed ogres
  A death knight (D:13)
  Erica (D:11)
  A tengu warrior (D:13)
  Pikel (D:6)
  A phantasmal warrior (D:13)
  2 ugly things (D:12)
  A manticore (D:9)
  A centaur zombie (D:12)
  A centaur skeleton (D:10)
  A gargoyle (D:10)
  A freezing wraith (D:13)
  2 trolls (D:12)
  16 yaks
  2 wyverns
  Eustachio (D:5)
  A fire elemental (D:12)
  A steam dragon (D:12)
  3 vampire mosquitoes (D:13)
  A soldier ant (D:12)
  6 hell hounds (D:12)
  10 orc warriors
  An ice beast (D:8)
  3 black bears
  A necrophage (D:12)
  3 sky beasts
  7 ogres
  A phantom (D:13)
  4 centaurs
  5 big kobolds
  4 lemures (D:5)
  5 bullfrogs
  2 scorpions
  A wyvern skeleton (D:7)
  A water moccasin skeleton (D:4)
  4 killer bees (D:8)
  9 wights
  2 howler monkeys
  6 jellies
  5 hounds
  15 orc wizards
  2 bullfrog skeletons
  12 orc priests
  7 iguanas
  15 worker ants
  3 hound skeletons
  2 worker ant zombies
  2 howler monkey skeletons
  9 adders
  4 gnolls (D:3)
  A river rat (D:5)
  2 shadow imps
  5 white imps
  3 ufetubi
  5 oozes
  A worm zombie (D:5)
  3 adder zombies
  An adder skeleton (D:4)
  10 worms
  9 dart slugs
  4 leopard geckos
  55 orcs
  4 ball pythons
  11 giant cockroaches
  14 goblins
  12 hobgoblins
  4 jackals (Sewer)
  6 quokkas
  12 bats
  9 frilled lizards
  A jackal skeleton (D:4)
  40 kobolds
  A leopard gecko zombie (D:7)
  2 quokka zombies
  6 rats
  A spectral orc (D:5)
420 creatures vanquished.

Vanquished Creatures (others)
  A scorpion (D:5)
  An orc wizard (D:9)
  6 plants (D:6)
  3 toadstools (D:4)
11 creatures vanquished.

Grand Total: 431 creatures vanquished

Notes
Turn   | Place    | Note
-------+----------+-------------------------------------------
     0 | D:1      | runemasterragnar the Ogre Monk began the quest for the Orb.
     0 | D:1      | Reached XP level 1. HP: 24/24 MP: 1/1
   187 | D:1      | Reached XP level 2. HP: 31/33 MP: 2/2
   771 | D:1      | Reached XP level 3. HP: 41/41 MP: 3/3
  1095 | D:2      | Reached skill level 5 in Fighting
  1258 | D:2      | Found a stormy altar of Qazlal.
  1258 | D:2      | Found a sacrificial altar of Ru.
  1806 | D:2      | Found an iron altar of Okawaru.
  1809 | D:2      | Reached XP level 4. HP: 50/50 MP: 4/4
  1813 | D:2      | Became a worshipper of Warmaster Okawaru
  1813 | D:2      | Reached * piety under Okawaru
  1813 | D:2      | Reached ** piety under Okawaru
  2103 | D:3      | Reached skill level 1 in Invocations
  2126 | D:3      | Reached XP level 5. HP: 34/59 MP: 5/5
  2395 | D:3      | Reached skill level 6 in Fighting
  3110 | D:4      | Noticed an ogre
  3117 | D:4      | Killed an ogre
  3117 | D:4      | Reached *** piety under Okawaru
  3118 | D:4      | Reached skill level 1 in Throwing
  3118 | D:4      | Reached XP level 6. HP: 14/68 MP: 4/7
  3397 | D:4      | Found a staircase to the Ecumenical Temple.
  3498 | D:4      | Found a white marble altar of Elyvilon.
  3625 | D:4      | Found a broken altar of Ashenzari.
  3856 | D:4      | Reached skill level 7 in Fighting
  3856 | D:4      | Reached XP level 7. HP: 58/78 MP: 8/8
  4115 | D:5      | Entered Level 5 of the Dungeon
  4250 | D:5      | Found a glowing drain.
  4254 | Sewer    | Entered a sewer
  4641 | D:5      | Found a shimmering altar of Xom.
  5182 | D:5      | Found a basalt altar of Yredelemnul.
  5298 | D:5      | Noticed Eustachio
  5304 | D:5      | Reached skill level 8 in Fighting
  5304 | D:5      | Reached XP level 8. HP: 88/88 MP: 10/10
  5376 | D:5      | Killed Eustachio
  5376 | D:5      | Received a gift from Okawaru
  5759 | D:6      | Noticed Pikel
  5973 | D:6      | Killed Pikel
  5974 | D:6      | Reached skill level 9 in Fighting
  6398 | D:6      | Reached **** piety under Okawaru
  6403 | D:6      | Reached skill level 5 in Dodging
  6452 | D:6      | Reached skill level 5 in Maces & Flails
  6587 | D:6      | Reached XP level 9. HP: 91/100 MP: 12/12
  7022 | D:6      | Found a runed translucent door.
  7023 | D:6      | Noticed Crazy Yiuf
  7063 | D:6      | Reached skill level 10 in Fighting
  7370 | D:6      | Reached skill level 5 in Invocations
  7595 | D:6      | Found an ornate altar of the Wu Jian Council.
  7874 | D:7      | Found a snail-covered altar of Cheibriados.
  7906 | D:7      | Found Acyan's Antique Weapon Emporium.
  8014 | D:7      | Found Caryrphiq's Gadget Boutique.
  8340 | D:7      | Reached ***** piety under Okawaru
  8627 | D:7      | Found Festikh's General Store.
  8863 | D:7      | Reached skill level 11 in Fighting
  9128 | D:7      | Found a glowing golden altar of the Shining One.
  9314 | D:8      | Reached skill level 5 in Throwing
  9314 | D:8      | Reached XP level 10. HP: 113/113 MP: 14/14
  9844 | D:8      | Found Vann's Weapon Shoppe.
  9857 | D:8      | Bought a +0 dire flail for 56 gold pieces
  9953 | D:8      | Received a gift from Okawaru
 10274 | D:8      | Noticed Gastronok
 10296 | D:8      | Killed Gastronok
 10296 | D:8      | Received a gift from Okawaru
 10297 | D:8      | Reached skill level 12 in Fighting
 10899 | D:8      | Reached XP level 11. HP: 85/124 MP: 16/16
 11476 | D:9      | Reached skill level 13 in Fighting
 11934 | D:9      | Noticed a two-headed ogre
 11935 | D:9      | Noticed a manticore
 11941 | D:9      | Killed a two-headed ogre
 11965 | D:9      | Killed a manticore
 12320 | D:9      | Found a hide-covered altar of Uskayaw.
 12641 | D:10     | Entered Level 10 of the Dungeon
 12646 | D:10     | Noticed a two-headed ogre
 12663 | D:10     | Killed a two-headed ogre
 13404 | D:11     | Noticed Erica
 13416 | D:11     | Killed Erica
 13417 | D:11     | Reached skill level 14 in Fighting
 13888 | D:11     | You fall into a shaft and drop 1 floor!
 13902 | D:12     | Noticed an eight-headed hydra
 13927 | D:12     | Received a gift from Okawaru
 13937 | D:12     | Killed an eight-headed hydra
 13937 | D:12     | Received a gift from Okawaru
 13938 | D:12     | Reached XP level 12. HP: 81/140 MP: 18/18
 14511 | D:12     | Reached skill level 1 in Armour
 14942 | D:12     | Noticed Frances
 14950 | D:12     | Killed Frances
 14951 | D:12     | Reached skill level 15 in Fighting
 15101 | D:12     | Noticed Azrael
 15116 | D:12     | Killed Azrael
 15122 | D:12     | Noticed a two-headed ogre
 15683 | D:12     | Killed a two-headed ogre
 15729 | D:12     | Received a gift from Okawaru
 16020 | D:13     | Noticed a centaur warrior
 16036 | D:13     | Killed a centaur warrior
 16291 | D:13     | Found a shadowy altar of Dithmenos.
 16298 | D:13     | Noticed a tengu warrior
 16341 | D:13     | Killed a tengu warrior
 16351 | D:13     | Received a gift from Okawaru
 16452 | D:13     | Noticed a death knight
 16469 | D:13     | Reached XP level 13. HP: 77/152 MP: 19/19
 16490 | D:13     | Gained mutation: You have sharp toenails. [potion of
                  | mutation]
 16490 | D:13     | Gained mutation: Your muscles are strong. (Str +2) [potion
                  | of mutation]
 16490 | D:13     | Gained mutation: You have a pair of small antennae on your
                  | head. [potion of mutation]
 16490 | D:13     | Gained mutation: You are partially covered in large bone
                  | plates. (SH +4) [potion of mutation]
 16499 | D:13     | Reached skill level 16 in Fighting
 16510 | D:13     | Slain by a skeletal warrior

Illustrated notes

Levels and vault maps discovered:
D:1:      matt_arrival_spirals, layout_basic
D:2:      layout_basic, gammafunk_temple_overflow_elements,
          okawaru_metal_pillars_3
D:3:      layout_rooms, hangedman_abyss_or_decor_lesser_grid
D:4:      minmay_octagon_keep, layout_cave_pools, lemuel_doored_altar,
          elyvilon_altar_3, temple_green, minmay_gold_behind_fungi,
          chequers_mini_garden
D:5:      kennysheep_slugbush, layout_basic,
          yredelemnul_forgotten_temple_becter, enter_ossuary_3, basic_altar,
          gup_sewer_entry_bowl, uniq_eustachio
D:6:      kennysheep_kobold_camp, layout_cave_pools, nzn_wu_jian_contemplation,
          minmay_ogre_servants, uniq_pikel, uniq_crazy_yiuf_cottage
D:7:      layout_loops_corners, cheibriados_altar_1, general_overflow_altar,
          serial_shops, kennysheep_mini_moat, nicolae_shop_trees,
          kennysheep_mini
D:8:      layout_loops_cross, serial_shops, shop, uniq_gastronok
D:9:      layout_irregular_city, lemuel_crystal_altar, minmay_pinched_square
D:10:     layout_rooms, david_lair_generic, serial_shops, shop_coins,
          nzn_life_drinkers
D:11:     layout_loops_corners, erik_orc_4, trove_entry_hex_spiral,
          kennysheep_generic_room_5, uniq_erica
D:12:     layout_rooms, uniq_frances, uniq_azrael
D:13:     layout_roguey, erik_vaults_1, minmay_misc_feat_rows,
          grunt_dithmenos_smoke

Skill      XL: |  1  2  3  4  5  6  7  8  9 10 11 12 13 |
---------------+----------------------------------------+-----
Maces & Flails | 3 4 5 6 7 8 |  8.8
Dodging        | 3 4 5 6 7 8 |  8.7
Fighting       | 5 6 7 8 9 11 12 14 15 16 | 16.0
Invocations    | 1 2 3 4 5 7 8 |  8.4
Throwing       | 1 2 3 5 6 7 8 |  8.5
Armour         | 3 |  3.3
Stealth        | |  1.4

Action                   |  1- 3 |  4- 6 |  7- 9 | 10-12 | 13-15 || total
-------------------------+-------+-------+-------+-------+-------++-------
Melee: Mace              |    80 |   127 |   351 |   494 |       ||  1052
       Dire flail        |       |       |       |    31 |       ||    31
       Punch             |       |       |       |     3 |       ||     3
       Morningstar       |       |       |       |    11 |    15 ||    26
       Kick              |       |       |       |       |     9 ||     9
Throw: Boomerang         |       |     9 |     5 |    82 |       ||    96
       Dart              |       |    35 |    11 |    42 |     3 ||    91
       Large rock        |       |       |    55 |   128 |       ||   183
Invok: Heroism           |       |     2 |     2 |    12 |       ||    16
       Finesse           |       |       |       |     4 |       ||     4
Evoke: Wand              |       |       |     2 |    10 |       ||    12
       Condenser vane    |       |       |       |     1 |       ||     1
  Use: Scroll            |       |     9 |     5 |     6 |     1 ||    21
       Potion            |       |       |     5 |     2 |     4 ||    11
 Stab: Sleeping          |     4 |     2 |     1 |     1 |       ||     8
       Distracted        |       |     1 |       |     1 |       ||     2
Armor: Robe              |    29 |    46 |   135 |   123 |       ||   333
       Troll leather arm |       |       |       |    19 |     4 ||    23
Dodge: Dodged            |    38 |    98 |   518 |   631 |    29 ||  1314
Block: Other             |       |       |       |       |     3 ||     3
